Map: Automaton LE

Players

goblin

  • Race: Protoss Protoss
  • Spawn Location: 9:00

Namshar - Winner!

  • Race: Zerg Zerg
  • Spawn Location: 3:00

Event: 2019 WCS Spring

VOD

Have the link to the VOD?

Description

Time

  • Played on: May 17, 2019, 7:07 a.m.
  • Length: 6:00

All games in this series

Show
View Real Time Build Order
Export as new Build Order

goblin Protoss 

Build Orders: 1 Gate Expand 

Get SALT Encoding   

  12  0:00  Probe  
  13  0:12  Probe  
  14  0:19  Pylon  
  14  0:24  Probe  
  15  0:33  Probe  
  15  0:39  Gateway  
  15  0:41  Probe  
  16  0:47  Assimilator  
  17  0:51  Probe  
  18  1:03  Probe  
  19  1:20  Nexus  
  19  1:23  Probe  
  20  1:33  Cybernetics Core  
  20  1:37  Probe  
  21  1:42  Assimilator  
  21  1:49  Probe  
  21  1:52  Pylon  
  22  1:59  Probe  
  22  2:00  Stalker  
  23  2:07  Probe  
  23  2:15  Probe  
  26  2:18  Robotics Facility  
  27  2:25  Warp Gate  
  27  2:27  Probe  
  28  2:30  Probe  
  28  2:31  Adept  
  31  2:38  Probe  
  31  2:39  Probe  
  33  2:49  Probe  
  34  2:51  Probe  
  34  2:55  Warp Prism  
  35  3:02  Twilight Council  
  38  3:17  Gateway  
  38  3:23  Immortal  
  38  3:33  Charge  
  41  3:49  Gateway  
  41  3:50  Gateway  
  41  3:56  Gateway  
  41  3:58  Immortal  
  42  4:04  Gateway x2  
  45  4:16  Pylon  
  45  4:19  Probe  
  46  4:27  Pylon x2  
  46  4:32  Pylon  
  46  4:35  Zealot x2  
  50  4:46  Zealot x2  
  54  5:04  Zealot x2  
  54  5:05  Zealot x3  
  54  5:06  Zealot x2  
  68  5:25  Zealot x5  
  56  5:44  Zealot x2  
  42  5:51  Zealot x2  
  42  5:52  Zealot x5  
Show
View Real Time Build Order
Export as new Build Order

Namshar Zerg - Winner!

Build Orders: Hatch First 

Get SALT Encoding   

  12  0:00  Drone  
  13  0:12  Overlord  
  13  0:18  Drone  
  14  0:31  Drone x2  
  16  0:49  Hatchery  
  15  0:52  Drone  
  15  0:56  Drone  
  17  0:59  Drone  
  18  1:10  Extractor  
  17  1:15  Spawning Pool  
  17  1:18  Drone  
  17  1:22  Drone  
  18  1:28  Drone  
  19  1:39  Drone  
  20  1:50  Drone  
  21  2:01  Queen x2  
  21  2:02  Overlord, Zergling x2  
  26  2:11  Drone x2  
  26  2:14  Metabolic Boost  
  28  2:22  Drone  
  29  2:23  Drone  
  30  2:34  Drone x2  
  32  2:43  Hatchery  
  31  2:47  Drone  
  31  2:50  Pneumatized Carapace  
  32  2:55  Overlord  
  32  2:58  Drone  
  33  3:06  Drone x3  
  36  3:13  Drone x3  
  36  3:15  Drone  
  36  3:17  Overlord  
  40  3:23  Queen  
  42  3:30  Overlord  
  42  3:31  Drone x2  
  44  3:43  Drone x6  
  50  3:49  Extractor, Roach Warren  
  48  3:59  Queen  
  48  4:00  Overlord  
  50  4:07  Overlord  
  50  4:08  Extractor  
  49  4:10  Drone  
  49  4:15  Overlord x2  
  50  4:23  Overlord  
  50  4:29  Roach x7  
  64  4:31  Roach  
  64  4:35  Roach  
  68  4:41  Roach x3  
  73  4:46  Roach x2  
  73  4:51  Roach  
  73  4:52  Roach  
  81  4:53  Zergling x4  
  83  5:01  Roach  
  83  5:02  Roach  
  83  5:03  Roach  
  83  5:04  Roach  
  91  5:11  Roach  
  93  5:15  Roach x2  
  93  5:16  Roach, Zergling x4  
  99  5:24  Roach x2  
  97  5:33  Roach x3  
  91  5:36  Roach, Zergling x4  
  91  5:37  Zergling x2  
Tags
 
Add a new tag
Caveats
  • Supply blocks, unpowered buildings, or Contaminate may cause inaccurate times.
  • Supply counts are checked every 10 seconds.